 Dungeon Crawl Stone Soup version 0.28.0 (webtiles) character file.

Game seed: 92688732787705650

179 danielguo94 the Cudgeller (level 5, -4/33 HPs)
             Began as a Gargoyle Fighter on Feb 8, 2022.
             Was an Initiate of the Shining One.
             Slain by an orc priest (6 damage)
             ... on level 4 of the Dungeon.
             The game lasted 00:03:07 (2972 turns).

danielguo94 the Cudgeller (Gargoyle Fighter)        Turns: 2972, Time: 00:03:07

Health: -4/33      AC: 12    Str: 21    XL:     5   Next: 59%
Magic:  5/5        EV:  9    Int:  9    God:    the Shining One [......]
Gold:   149        SH:  4    Dex:  9    Spells: 4/4 levels left

rFire   . . .      SeeInvis .   a - +0 flail
rCold   . . .      Faith    .   c - +0 buckler
rNeg    + . .      Spirit   .   b - +0 scale mail
rPois   ∞          Reflect  .   (no helmet)
rElec   +          Harm     .   (no cloak)
rCorr   .          Rampage  .   (no gloves)
Will    .....                   k - +0 pair of boots
Stlth   ..........              l - amulet of the acrobat
HPRegen 0.11/turn               (no ring)
MPRegen 0.09/turn               (no ring)

@: glowing
A: sickness immunity, AC +4, negative energy resistance 1, electricity
resistance, torment resistance 1, petrification resistance
a: Renounce Religion


You were on level 4 of the Dungeon.
You worshipped the Shining One.
The Shining One was noncommittal.
You visited 2 branches of the dungeon, and saw 5 of its levels.

You collected 149 gold pieces.

Inventory:

Hand Weapons
 a - a +0 flail (weapon)
Missiles
 e - 70 stones (quivered)
Armour
 b - a +0 scale mail (worn)
 c - a +0 buckler (worn)
 k - a +0 pair of boots (worn)
Jewellery
 l - an amulet of the acrobat (around neck)
Wands
 p - a wand of acid (3)
Scrolls
 g - 2 scrolls of magic mapping
 h - a scroll of teleportation {unknown}
 i - a scroll of enchant weapon {unknown}
 j - a scroll of identify {unknown}
 o - a scroll of amnesia {unknown}
 q - a scroll of enchant armour {unknown}
Potions
 d - 3 potions of might
 f - a potion of haste {unknown}
 m - 2 potions of berserk rage {unknown}
 n - a potion of attraction {unknown}
 r - a potion of flight {unknown}
 s - a potion of curing {unknown}


   Skills:
 + Level 3.7 Fighting
 * Level 4.6 Maces & Flails
 + Level 4.0 Armour
 + Level 0.4 Dodging
 + Level 3.5 Shields


You had 4 spell levels left.
You didn't know any spells.
Your spell library contained the following spells:

 Spells                   Type           Power      Damage    Failure   Level
 Static Discharge         Conj/Air       0%         N/A       91%         2
 Lightning Bolt           Conj/Air       0%         1d11      100%        5
 Maxwell's Capacitive Co  Air            0%         ∞         100%        8


Dungeon Overview and Level Annotations

Branches:
Dungeon (4/15)             Temple (1/1) D:4

Altars:
Cheibriados
Dithmenos
Elyvilon
Fedhas
Gozag
Kikubaaqudgha
Okawaru
Qazlal
Ru
Trog
Uskayaw
Vehumet
Wu Jian
Xom
Yredelemnul
Zin
The Shining One


Innate Abilities, Weirdness & Mutations

You are immune to sickness and miasma.
Your stone body is resilient. (AC +4)
You are immune to poison.
You resist negative energy. (rN+)
You are resistant to electric shocks. (rElec)
You are resistant to unholy torment.
You are immune to petrification.


Message History

The orc priest shouts!
You hear a shout! x2
The orc completely misses you.
An orc comes into view. It is wielding a +0 dagger.
Things that are here:
a +0 whip; a +0 leather armour An orc comes into view.
It is wielding a +0 hand axe.
The orc shouts!
You hear an angry hiss.
An orc wizard comes into view. It is wielding a +0 dagger.
The orc priest looks braver for a moment.
An orc comes into view. It is wielding a +0 club.
The orc shouts!
The adder hisses angrily.
The orc priest calls down the wrath of Beogh upon you.
Pain shoots through your body!
A goblin comes into view. It is wielding a +0 dagger.
The orc wizard gestures wildly while chanting.
The orc wizard flickers and vanishes!
Okay, then.
Unknown command.
The orc priest mumbles some strange prayers to Beogh against you.
Beogh smites you!
Okay, then.
Unknown command.
The orc priest mumbles some strange prayers to Beogh against you.
Beogh smites you!
* * * LOW HITPOINT WARNING * * *
The orc priest mumbles some strange prayers to Beogh against you.
Pain shoots through your body!
* * * LOW HITPOINT WARNING * * *
Okay, then.
Unknown command.
The orc priest casts a cantrip, but nothing happens.
The orc priest looks braver for a moment.
You closely miss the orc priest.
An endoplasm comes into view.
The endoplasm quivers.
The orc closely misses you. The orc misses you.
The orc priest hits you but does no damage.
You closely miss the orc. The orc hits you but does no damage.
The orc priest hits you with a +2 whip of draining.
You die...

# #..# #.##.....## ## #..#
#>###...## .# #..# #.# ##.#####
.# #..# #.# #......# .# #..#
#.# #.###### ## #..# #.#
#.....# ####..# #.###.8#8.#
......# ###...o.#)#.# .####.#
##...###@8#8(#
.####.###.....##ooSo.#
.#..............###.##
.#............#.# #.# ###
.#.......#.###..###.#### #.#
<.g....###.....###oS##.###.####
....##..#....J..#..###..##.#..
....#.............o.#....).#S#
.........#.....#.....o...#†#.##


You could see 2 orc priests, an adder, 2 orcs and an endoplasm.

Vanquished Creatures
  2 iguanas (D:4)
  4 adders
  An adder skeleton (D:4)
  4 worms
  4 orcs
  5 ball pythons
  9 endoplasms
  4 giant cockroaches
  9 goblins
  A hobgoblin (D:3)
  4 jackals (D:2)
  6 kobolds
  2 quokkas
  5 bats
  A frilled lizard (D:1)
  8 rats
69 creatures vanquished.

Notes
Turn   | Place    | Note
-------+----------+-------------------------------------------
     0 | D:1      | danielguo94 the Gargoyle Fighter began the quest for the
                  | Orb.
     0 | D:1      | Reached XP level 1. HP: 14/14 MP: 1/1
   323 | D:1      | Reached XP level 2. HP: 19/19 MP: 2/2
   586 | D:1      | Found a faded altar of an unknown god.
   690 | D:1      | Reached XP level 3. HP: 14/23 MP: 3/3
  1416 | D:2      | Reached XP level 4. HP: 19/28 MP: 4/4
  2416 | D:4      | Reached XP level 5. HP: 33/33 MP: 5/5
  2538 | D:4      | Found a staircase to the Ecumenical Temple.
  2556 | Temple   | Entered the Ecumenical Temple
  2608 | Temple   | Became a worshipper of the Shining One
  2964 | D:4      | HP: 1/33 [orc priest/nerve-wracking pain (3)]
  2972 | D:4      | Slain by an orc priest

Illustrated notes

Levels and vault maps discovered:
D:1:      onia_arrival_mini_maze, layout_basic,
          hellmonk_ecumenical_altar_run_dry, hangedman_decor_growths,
          minmay_misc_feat_columns
D:2:      layout_basic, minmay_misc_feat_secret_circle,
          hangedman_decor_slide_cut, hangedman_decor_diamond_cutter
D:3:      layout_rooms
D:4:      nicolae_cairo_tiling_large_dashed, layout_loops_ring,
          minmay_statues_item, hangedman_decor_riveting, nzn_random_ring
Temple:   compressed_dpeg_triangle_lava_temple

Skill      XL: |  1  2  3  4 |
---------------+-------------+-----
Maces & Flails | 3 4 |  4.6
Armour         | 4 |  4.0
Fighting       | |  3.7
Dodging        | |  0.4
Shields        | |  3.5

Action                   |  1- 3 |  4- 6 || total
-------------------------+-------+-------++-------
Melee: Flail             |   137 |   115 ||   252
Evoke: Wand              |       |     1 ||     1
  Use: Scroll            |       |     1 ||     1
Armor: Scale mail        |    79 |    51 ||   130
Dodge: Dodged            |    68 |    62 ||   130
Block: Buckler           |    14 |    20 ||    34
